 Seeded DCSS version 0.31-a0-656-gb4d89c20fa (webtiles) character file.

Game seed: 13626088154475070101 (custom seed)

108 bmack86 the Shield-Bearer (level 4, -2/39 HPs)
             Began as a Minotaur Fighter on Aug 30, 2023.
             Slain by a gnoll
             ... wielding a +0 spear
              (4 damage)
             ... on level 3 of the Dungeon.
             The game lasted 00:03:58 (1349 turns).

bmack86 the Shield-Bearer (Minotaur Fighter)        Turns: 1349, Time: 00:03:59

Health: -2/39      AC: 12    Str: 23    XL:     4   Next: 58%
Magic:  3/3        EV:  6    Int:  5    God:
Gold:   83         SH:  4    Dex:  9    Spells: 3/3 levels left

rFire   . . .        a - +0 war axe
rCold   . . .        c - +0 buckler
rNeg    . . .        l - +0 plate armour
rPois   .            h - +1 hat
rElec   .            (no cloak)
rCorr   .            (no gloves)
SInv    .            (no boots)
Will    .....        (no amulet) Stlth
                     (no ring)
HPRegen 0.26/turn    (no ring)
MPRegen 0.08/turn

%: no passive effects
@: mighty
A: horns 2, retaliatory headbutt
a: no special abilities


You were on level 3 of the Dungeon.
You visited 1 branch of the dungeon, and saw 3 of its levels.

You collected 83 gold pieces.

Inventory:

Hand Weapons
 a - a +0 war axe (weapon)
Missiles
 g - 5 silver javelins (quivered)
Armour
 b - a +0 scale mail
 c - a +0 buckler (worn)
 h - a +1 hat (worn)
 l - a +0 plate armour (worn)
Jewellery
 j - a ring of ice
 o - a ring of protection from fire
Scrolls
 e - a scroll of identify {unknown}
 f - a scroll of noise {unknown}
 k - a scroll of fear {unknown}
 m - a scroll of enchant armour {unknown}
 n - a scroll of teleportation {unknown}
Potions
 i - a potion of magic {unknown}


   Skills:
 - Level 3.6 Fighting
 + Level 4.8 Axes
 - Level 3.6 Armour
 - Level 5.0 Shields


You had 3 spell levels left.
You didn't know any spells.
Your spell library contained the following spells:

 Spells                   Type           Power      Damage    Failure   Level
 Magic Dart               Conj           0%         1d3       100%        1
 Searing Ray              Conj           0%         2d4       100%        2
 Portal Projectile        Hex/Tloc       0%         N/A       100%        3
 Tukima's Dance           Hex            0%         N/A       100%        3
 Fulminant Prism          Conj/Hex       0%         3d5       100%        4
 Iskenderun's Mystic Bla  Conj/Tloc      0%         2d3       100%        4


Dungeon Overview and Level Annotations

Branches:
Dungeon (3/15)

Altars:


Innate Abilities, Weirdness & Mutations

You have a pair of horns on your head.
You reflexively headbutt those who attack you in melee.


Message History

The gnoll hits you from afar with a +0 spear.
The gnoll hits you but does no damage.
You slash the gnoll!
You kill the gnoll!
The gnoll hits you from afar with a +0 spear.
You barely miss the gnoll. You headbutt the gnoll.
The gnoll is lightly wounded.
You slash the hobgoblin!
You kill the hobgoblin!
The gnoll hits you with a +0 whip!
The gnoll hits you from afar with a +0 spear.
You barely miss the gnoll.
The gnoll is lightly wounded.
The gnoll hits you with a +0 whip.
The gnoll hits you from afar with a +0 spear.
You barely miss the gnoll.
The gnoll is lightly wounded.
The gnoll hits you but does no damage. x2; The gnoll hits you with a +0 whip.
You block the gnoll's attack.
You barely miss the gnoll. You headbutt the gnoll.
The gnoll is moderately wounded.
You hit the gnoll. The gnoll hits you with a +0 whip!
* * * LOW HITPOINT WARNING * * *
You block the gnoll's attack. x2
You feel very mighty all of a sudden. The gnoll hits you with a +0 whip.
* * * LOW HITPOINT WARNING * * *
The gnoll hits you with a +0 club.
* * * LOW HITPOINT WARNING * * *
The gnoll hits you from afar with a +0 spear.
* * * LOW HITPOINT WARNING * * *
Okay, then.
You barely miss the gnoll. Your headbutt misses the gnoll.
The gnoll is moderately wounded.
You hit the gnoll. The gnoll closely misses you. The gnoll barely misses you.
You furiously retaliate!
You headbutt the gnoll!!
You kill the gnoll!
The gnoll closely misses you.
Found a stone staircase leading up.
The gnoll hits you with a +0 spear.
You die...

###. .. ..... ... .# #.
# .#... ..# .# #.##.
#...# ...# .#
#.#.##.##...# ...
.####.#.# ..... ...
......#.####.#####.####.
......#.........g..?....
...........#...†@g......
.........###.....#......
....#....# #####.# .....
....#...## #.# ..?<
....#..## #.# ...
###...#### #.# ..
#......# ... . #......#
#.# ###......#


You could see 2 gnolls.

Vanquished Creatures
  Jessica (D:2)
  2 adders
  2 gnolls (D:3)
  2 dart slugs (D:1)
  4 bats
  2 endoplasms
  6 goblins
  4 hobgoblins
  4 kobolds (D:1)
  A quokka (D:2)
  4 ball pythons
  6 frilled lizards
  3 rats
41 creatures vanquished.

Notes
Turn   | Place    | Note
-------+----------+-------------------------------------------
     0 | D:1      | bmack86 the Minotaur Fighter began the quest for the Orb.
     0 | D:1      | Reached XP level 1. HP: 19/19 MP: 0/0
    24 | D:1      | Reached skill level 4 in Shields
    88 | D:1      | Reached XP level 2. HP: 26/26 MP: 1/1
   457 | D:1      | Found a faded altar of an unknown god.
   627 | D:2      | Reached XP level 3. HP: 31/31 MP: 2/2
   645 | D:2      | Noticed Jessica
   654 | D:2      | Killed Jessica
   655 | D:2      | Reached skill level 5 in Shields
   908 | D:2      | Reached XP level 4. HP: 31/39 MP: 3/3
  1349 | D:3      | Slain by a gnoll

Illustrated notes

Levels and vault maps discovered:
D:1:      lightli_arrival_statuegarden, layout_rooms,
          dreamdust_ecumenical_altar_hidden_monk_grotto, hangedman_decor_lopped,
          corexii_leaking_fountain
D:2:      layout_basic, uniq_jessica
D:3:      layout_basic, mainiacjoe_overflow_chevrons, hex_medium

Skill      XL: |  1  2  3 |
---------------+----------+-----
Shields        | 4 5 |  5.0
Axes           | 3 4 |  4.8
Fighting       | |  3.6
Armour         | |  3.6

Action                     |  1- 3 |  4- 6 || total
---------------------------+-------+-------++-------
  Melee: War axe           |    68 |    20 ||    88
         Headbutt          |    11 |     2 ||    13
    Use: Potion            |       |     1 ||     1
 Armour: Scale mail        |    23 |       ||    23
         Plate armour      |    19 |    11 ||    30
  Dodge: Dodged            |    33 |     6 ||    39
  Block: Buckler           |    17 |     7 ||    24

Table legend: (Time is in decaauts)
 A = Elapsed time spent in this place.
 B = Non-inter-level travel time spent in this place.
 C = Inter-level travel time spent in this place.
 D = Time resting spent in this place.
 E = Time spent auto-exploring this place.
 F = Levels seen in this place.
 G = Mean time per level.
                   A        B        C        D        E       F      G
               +--------+--------+--------+--------+--------+-----+--------+
         Total |   1379 |   1366 |     13 |      0 |    946 |   3 |  459.7 |
       Dungeon |   1379 |   1366 |     13 |      0 |    946 |   3 |  459.7 |
               +--------+--------+--------+--------+--------+-----+--------+

Top non-repeatable levels by time:
     D:2: 674 daAuts
     D:1: 574 daAuts
     D:3: 130 daAuts
